 Dungeon Crawl Stone Soup version 0.29.1-15-g9cfb28693d (webtiles) character file.

Game seed: 10214578309228657485

18857 unlimited1921 the Thaumaturge (level 13, -19/82 HPs)
             Began as a Djinni Fire Elementalist on Mar 13, 2023.
             Was an Initiate of Gozag.
             Killed from afar by a storm dragon (49 damage)
             ... with a bolt of lightning
             ... on level 12 of the Dungeon.
             The game lasted 02:08:45 (25827 turns).

unlimited1921 the Thaumaturge (DjFE)               Turns: 25827, Time: 02:08:46

Health: -19/82     AC:  6    Str:  7    XL:     13   Next: 0%
Gold:   1694       EV: 13    Int: 34    God:    Gozag SH: 15 Dex: 20

rFire   + + .      SeeInvis .   W - +6 spear "Bumailail" {venom, Dex+6}
rCold   x . .      Faith    .   O - +0 kite shield
rNeg    . . .      Spirit   .   A - +0 leather armour
rPois   ∞          Reflect  +   z - +0 helmet
rElec   .          Harm     .   r - +0 cloak
rCorr   .          Rampage  .   (no gloves)
Will    +....                   (boots unavailable)
Stlth   +++.......              c - amulet of reflection
HPRegen 0.23/turn               u - +6 ring of intelligence
MPRegen 0.00/turn               m - +6 ring of intelligence

@: flying
A: sickness immunity, fire resistance 2, cold vulnerability 1, float, innate
caster, HP casting, extra vitality 1
a: Renounce Religion, Potion Petition, Call Merchant, Bribe Branch


You were on level 12 of the Dungeon.
You worshipped Gozag.
Gozag was most pleased with you.
You visited 2 branches of the dungeon, and saw 13 of its levels.
You also visited: Sewer.

You collected 2219 gold pieces.
You spent 436 gold pieces at shops.
You paid 89 gold pieces to Gozag.

Inventory:

Hand Weapons
 g - a +0 demon trident
 I - a +0 vorpal hand axe
 M - a +2 mace of venom
 P - a +0 mace of protection
 Q - a +0 arbalest
 S - a +1 hand axe of electrocution
 T - a +3 war axe
 V - the +3 battleaxe of Symmetry {flame, rF++ SInv}
   (You found it on level 12 of the Dungeon)

   It burns those it strikes, dealing additional fire damage.
   Big, fiery blades are also staple armaments of hydra-hunters.
   rF:        It greatly protects you from fire.
   SInv:      It lets you see invisible.
 W - the +6 spear "Bumailail" (weapon) {venom, Dex+6}
   (You bought it in a shop on level 12 of the Dungeon)

   It poisons the flesh of those it strikes.
   Dex:       It affects your dexterity (+6).
Missiles
 e - a throwing net
 q - 11 boomerangs
 D - 21 poisoned darts
Armour
 r - a +0 cloak (worn)
 z - a +0 helmet (worn)
 A - a +0 leather armour (worn)
 O - a +0 kite shield (worn)
Jewellery
 c - an amulet of reflection (around neck)
 l - a +6 ring of dexterity
 m - a +6 ring of intelligence (right hand)
 u - a +6 ring of intelligence (left hand)
Wands
 h - a wand of paralysis (4) (quivered)
 n - a wand of polymorph (8)
 y - a wand of roots (20)
 H - a wand of quicksilver (11)
 K - a wand of flame (47)
 U - a wand of mindburst (10)
Scrolls
 k - 4 scrolls of immolation
 s - a scroll of silence {unknown}
 t - 6 scrolls of teleportation
 x - 3 scrolls of magic mapping
 B - 2 scrolls of enchant armour
 C - 2 scrolls of fear
 E - 2 scrolls of fog
 G - a scroll of blinking
 J - a scroll of enchant weapon
 L - 4 scrolls of poison
 N - a scroll of acquirement {unknown}
Potions
 a - a potion of might {unknown}
 b - a potion of resistance
 f - 2 potions of attraction {unknown}
 i - a potion of mutation
 j - 4 potions of lignification
 o - a potion of brilliance
 p - 2 potions of heal wounds
 v - a potion of ambrosia
 w - 2 potions of flight {unknown}
 F - 2 potions of curing


   Skills:
 + Level 3.4 Fighting
 + Level 1.0 Maces & Flails
 + Level 1.5 Polearms
 - Level 2.0 Throwing
 + Level 5.4 Armour
 + Level 5.2 Dodging
 + Level 4.9 Stealth
 + Level 4.5 Shields
 + Level 13.3 Spellcasting
 + Level 2.1 Evocations


You had 7 spell levels left.
You knew the following spells:

 Your Spells              Type           Power      Damage    Failure   Level
a - Foxfire               Conj/Fire      100%       2x1d9     1%          1
b - Scorch                Fire           100%       2d10      1%          2
c - Conjure Flame         Conj/Fire      85%        6-21      1%          3
d - Inner Flame           Hex/Fire       85%        N/A       1%          3
e - Flame Wave            Conj/Fire      85%        2d18      1%          4
f - Magic Dart            Conj           100%       1d8       1%          1
g - Ensorcelled Hibernat  Hex/Ice        100%       N/A       1%          2
h - Wereblood             Tmut           85%        N/A       1%          2
i - Fulminant Prism       Conj/Hex       42%        3d20      1%          4
j - Dispel Undead         Necr           85%        3d27      1%          4
k - Blade Hands           Tmut           42%        N/A       1%          5
Your spell library was empty.

Dungeon Overview and Level Annotations

Branches:
Dungeon (12/15)            Temple (1/1) D:4            Lair (0/5) D:10
    Orc (0/2) D:11          Sewer (visited)

Altars:
Dithmenos
Elyvilon
Fedhas
Gozag
Makhleb
Okawaru
Qazlal
Ru
Uskayaw
Wu Jian
Xom
Yredelemnul
Zin
The Shining One

Shops:
D:8 *   D:12 (

Portals:
Trove: D:11 (give 17 potions of curing)


Innate Abilities, Weirdness & Mutations

You are immune to sickness and miasma.
You are immune to poison.
Your flesh is very heat resistant. (rF++)
You are vulnerable to cold. (rC-)
You float through the air rather than walking.
You learn spells naturally, not from books.
Your magical power is your life essence.
You have superior vitality. (+4 MHP)


Message History

Casting: Foxfire (safe; 1% risk of failure)
Confirm with . or Enter, or press ? or * to list all spells.
The fire begins to smoulder!
The fire ignites!
Casting: Conjure Flame (safe; 1% risk of failure)
Confirm with . or Enter, or press ? or * to list all spells.
You don't know that spell.
As you open the door, it creaks loudly!
Casting: Conjure Flame (safe; 1% risk of failure)
Confirm with . or Enter, or press ? or * to list all spells.
Aiming: Fulminant Prism (safe; 1% risk of failure)
Press: ? - help, Dir - move target You conjure a prism of explosive energy!
A fulminant prism comes into view.
The storm dragon breathes lightning at you.
The bolt of lightning hits you!
The tengu reaver hits your fulminant prism with a +3 battleaxe!!
Your fulminant prism detonates feebly.
The storm dragon bites you! You block the storm dragon's attack. x2
Unknown command.
Casting: Fulminant Prism (safe; 1% risk of failure)
Confirm with . or Enter, or press ? or * to list all spells.
Aiming: Fulminant Prism (safe; 1% risk of failure)
Press: ? - help, Dir - move target You conjure a prism of explosive energy!
A fulminant prism comes into view.
The storm dragon bites you!
The storm dragon claws you but does no damage.
The storm dragon tramples you.
You are shoved backwards!
Casting: Fulminant Prism (safe; 1% risk of failure)
Confirm with . or Enter, or press ? or * to list all spells.
Aiming: Inner Flame (safe; 1% risk of failure)
Press: ? - help, Dir - move target, f - tengu reaver
Aim: a tengu reaver, wielding a +3 battleaxe and wearing a +0 ring mail (chance to affect: 85%)
The tengu reaver is filled with an inner flame.
The storm dragon breathes lightning at you.
The bolt of lightning hits you!!!
Ouch! That really hurt!
You die...
Your body crumbles into a pile of gold.

####...###..########.....#.(.#...
.......#.#.....#:.|#.....#))∩#...
.......#.#######V..#.....#...#...
'##'##'#.......###'#.....##'##...
...............#.Q.#####.........
...............#*§.# #.........
..#######......#.### #.........
..#.....#......#D# #.........
..#.....#....###@#######...######
..#.....#....#.............#
..#.....#....#.............######
#.#.....#.####..................#
#.##'#'##.#.....................#
#.........#.....................#
#.........#.......####..........#
###########.......# #..........#
..................# #..........#


You could see a storm dragon (catching breath, ally target), a tengu reaver
(inner flame), a vampire knight and a friendly fulminant prism.

Vanquished Creatures
  Harold (D:10)
  3 two-headed ogres
  2 hydras
  A soul eater (D:9)
  A sun demon (D:9)
  A deep elf pyromancer (D:11)
  A cyclops (D:10)
  2 manticores
  An ugly thing (D:11)
  A rust devil (D:9)
  3 unseen horrors
  2 red devils (D:9)
  5 trolls
  The ghost of mkat the Trooper, an amateur PaWn of Kikubaaqudgha (D:7)
  A hornet (D:7)
  5 slime creatures (D:12)
  Sigmund (D:4)
  9 yaks
  2 ynoxinuls (D:9)
  2 wyverns
  3 wraiths
  A basilisk (D:10)
  A neqoxec (D:9)
  A chaos spawn (D:9)
  8 vampire mosquitoes
  2 acid dragons (D:10)
  3 sky beasts
  Pargi (D:4)
  2 ice beasts
  3 orc warriors
  A black bear (D:4)
  An ogre (D:5)
  4 centaurs
  2 phantoms
  6 bullfrogs
  A kobold brigand (D:8)
  Blork the orc (D:5)
  2 gnoll sergeants
  2 necrophages
  A scorpion (D:6)
  6 wights
  A killer bee (D:10)
  3 electric eels (D:10)
  3 howler monkeys
  3 hounds
  10 quasits
  An iron imp (D:7)
  A jelly (D:5)
  3 gnoll boudas
  7 orc priests
  4 iguanas
  Terence (D:2)
  5 orc wizards
  19 gnolls
  5 adders
  9 river rats
  2 shadow imps (D:7)
  A white imp (D:7)
  An ufetubus (D:6)
  2 dart slugs
  23 orcs
  14 ball pythons
  7 endoplasms
  2 giant cockroaches (D:6)
  6 goblins
  3 hobgoblins
  A jackal (Sewer)
  3 quokkas
  2 bats
  7 frilled lizards
  A goblin skeleton (D:7)
  A goblin zombie (D:7)
  3 hobgoblin zombies (D:7)
  13 kobolds
  2 kobold zombies (D:7)
  2 orc skeletons (D:7)
  An orc zombie (D:7)
  11 rats
  A foxfire (D:7)
  2 fulminant prisms
283 creatures vanquished.

Vanquished Creatures (collateral kills)
  9 foxfires (Sewer)
9 creatures vanquished.

Vanquished Creatures (others)
  612 foxfires
  135 fulminant prisms
  12 fungi (D:6)
  40 plants
799 creatures vanquished.

Grand Total: 1091 creatures vanquished

Notes
Turn   | Place    | Note
-------+----------+-------------------------------------------
     0 | D:1      | unlimited1921 the Djinni Fire Elementalist began the quest
                  | for the Orb.
     0 | D:1      | unlimited1921 set off with the following spells memorised:
                  | Foxfire, Scorch, Conjure Flame, Inner Flame, Flame Wave.
     0 | D:1      | Reached XP level 1. HP: 15/15 MP: 0/0
  1167 | D:1      | Reached XP level 2. HP: 18/21 MP: 0/0
  2221 | D:1      | Reached skill level 3 in Spellcasting
  2264 | D:1      | Found a faded altar of an unknown god.
  2335 | D:1      | Reached XP level 3. HP: 21/25 MP: 0/0
  2335 | D:1      | Learned a level 1 spell: Magic Dart
  2971 | D:2      | Found a shadowy altar of Dithmenos.
  3049 | D:2      | Noticed Terence
  3056 | D:2      | Killed Terence
  3269 | D:2      | Reached XP level 4. HP: 28/31 MP: 0/0
  4198 | D:3      | You are sucked into a shaft and drop 3 floors!
  4351 | D:6      | Found a glowing drain.
  4403 | Sewer    | Entered a sewer
  4557 | Sewer    | Reached XP level 5. HP: 17/35 MP: 0/0
  4557 | Sewer    | Learned a level 2 spell: Ensorcelled Hibernation
  5668 | Sewer    | Reached skill level 4 in Spellcasting
  6460 | D:6      | Reached XP level 6. HP: 31/40 MP: 0/0
  6866 | D:5      | Entered Level 5 of the Dungeon
  7152 | D:5      | Reached skill level 5 in Spellcasting
  7152 | D:5      | Reached XP level 7. HP: 26/45 MP: 0/0
  7152 | D:5      | Learned a level 2 spell: Wereblood
  7855 | D:4      | Found a shadowy altar of Dithmenos.
  7856 | D:4      | Found a glowing silver altar of Zin.
  7889 | D:4      | Reached skill level 1 in Armour
  7907 | D:4      | Reached skill level 1 in Shields
  8053 | D:4      | Found a staircase to the Ecumenical Temple.
  8057 | D:4      | Noticed Sigmund
  8068 | D:4      | Killed Sigmund
  8256 | Temple   | Entered the Ecumenical Temple
  8261 | Temple   | Became a worshipper of Gozag Ym Sagoz the Greedy
  8349 | D:4      | Reached XP level 8. HP: 36/50 MP: 0/0
  8666 | D:4      | Reached skill level 6 in Spellcasting
  9085 | D:4      | Noticed Pargi
  9099 | D:4      | Killed Pargi
 11516 | D:5      | Noticed Blork the orc
 11526 | D:5      | Killed Blork the orc
 11763 | D:5      | Found a hide-covered altar of Uskayaw.
 11906 | D:6      | Reached skill level 7 in Spellcasting
 11919 | D:6      | Reached XP level 9. HP: 36/55 MP: 0/0
 11919 | D:6      | Learned a level 4 spell: Fulminant Prism
 12939 | D:7      | Found a runed translucent gate.
 12940 | D:7      | Found a runed translucent gate.
 12940 | D:7      | Noticed a hornet
 12940 | D:7      | Noticed mkat's ghost (amateur PaWn)
 12988 | D:7      | Found a runed translucent gate.
 13079 | D:7      | Reached skill level 8 in Spellcasting
 13708 | D:7      | Found a sacrificial altar of Ru.
 14076 | D:7      | Found a glowing golden altar of the Shining One.
 14361 | D:7      | Killed mkat's ghost
 14362 | D:7      | Reached skill level 9 in Spellcasting
 14362 | D:7      | Reached XP level 10. HP: 37/60 MP: 0/0
 14709 | D:8      | Found Gyvora's Serpentskin Sales.
 14721 | D:8      | Bought a scroll of poison for 40 gold pieces
 14721 | D:8      | Bought a +2 mace of venom for 156 gold pieces
 15046 | D:8      | Reached skill level 1 in Fighting
 15046 | D:8      | Reached skill level 1 in Polearms
 15694 | D:8      | Reached skill level 10 in Spellcasting
 16992 | D:9      | Noticed a sun demon
 16998 | D:9      | Killed a sun demon
 17694 | D:9      | Reached XP level 11. HP: 52/68 MP: 0/0
 17694 | D:9      | Learned a level 4 spell: Dispel Undead
 17912 | D:9      | Noticed a two-headed ogre
 17917 | D:9      | Killed a two-headed ogre
 17918 | D:9      | Reached skill level 11 in Spellcasting
 19084 | D:9      | Noticed a soul eater
 19099 | D:9      | Killed a soul eater
 19581 | D:9      | Noticed a sun demon
 19605 | D:9      | a sun demon changed into a red devil
 20284 | D:10     | Entered Level 10 of the Dungeon
 20521 | D:10     | Noticed Harold
 20530 | D:10     | Killed Harold
 20531 | D:10     | Reached skill level 1 in Maces & Flails
 20834 | D:10     | Reached skill level 1 in Throwing
 20933 | D:10     | Reached XP level 12. HP: 46/76 MP: 0/0
 21101 | D:10     | Found a staircase to the Lair.
 21195 | D:10     | Found a stormy altar of Qazlal.
 21252 | D:10     | Reached skill level 12 in Spellcasting
 22478 | D:11     | Noticed a two-headed ogre
 22478 | D:11     | Found a staircase to the Orcish Mines.
 22484 | D:11     | Killed a two-headed ogre
 22485 | D:11     | Reached skill level 5 in Armour
 22485 | D:11     | Reached skill level 5 in Dodging
 22485 | D:11     | Reached skill level 1 in Evocations
 22851 | D:11     | Found an ornate altar of the Wu Jian Council.
 23126 | D:11     | Found a portal to a secret trove of treasure.
 23499 | D:11     | Noticed a four-headed hydra
 23515 | D:11     | Killed a four-headed hydra
 23953 | D:12     | Identified the +3 battleaxe of Symmetry {flame, rF++ SInv}
 23959 | D:12     | Noticed an eight-headed hydra
 23968 | D:12     | Killed an eight-headed hydra
 24145 | D:12     | Noticed a two-headed ogre
 24151 | D:12     | Killed a two-headed ogre
 24376 | D:12     | Reached skill level 13 in Spellcasting
 25158 | D:12     | Found Atys's Antique Weapon Boutique.
 25163 | D:12     | Bought a blackened spear for 240 gold pieces
 25163 | D:12     | Identified the +6 spear "Bumailail" {venom, Dex+6} (You
                  | bought it in a shop on level 12 of the Dungeon)
 25419 | D:12     | Noticed a tengu reaver
 25419 | D:12     | Noticed a storm dragon
 25419 | D:12     | Noticed a vampire knight
 25420 | D:12     | Found a runed translucent door.
 25511 | D:12     | Reached XP level 13. HP: 77/82 MP: 0/0
 25511 | D:12     | Learned a level 5 spell: Blade Hands
 25827 | D:12     | Killed from afar by a storm dragon

Illustrated notes

Levels and vault maps discovered:
D:1:      dpeg_arrival_erosion, layout_loops_ring,
          nicolae_ecumenical_snake_handling, kennysheep_another_room,
          minmay_misc_feat_four_crosses, hangedman_decor_points,
          minmay_misc_feat_doors, nrook_campfire
D:2:      layout_basic, basic_altar, uniq_terence
D:3:      layout_basic, fountainhead
D:4:      layout_rooms, gammafunk_temple_overflow_statue,
          minmay_temple_entry_proselytizer, uniq_sigmund, uniq_pargi
D:5:      layout_basic, mainiacjoe_overflow_small_starburst, kennysheep_boxes,
          uniq_blork_the_orc
D:6:      layout_rooms, serial_aquarium, aquarium_bridge_long_separate
          [aquarium_subvault_window, aquarium_subvault_window,
          aquarium_subvault_bridge, aquarium_subvault_bridge,
          aquarium_subvault_wall, aquarium_subvault_wall], aquarium_window_2,
          aquarium_window_1, aquarium_view_2b, aquarium_view_2b,
          portal_sewer_entry_e
D:7:      layout_cave_pools, nicolae_tso_besieged_by_evil,
          mainiacjoe_overflow_divided_tiny, mainiacjoe_overflow_six_doors_small,
          gammafunk_ghost_split, dreamdust_gnoll_shepherd
D:8:      layout_basic, guppyfry_shop_venom
D:9:      layout_loops_ring, serial_demonic, serial_demonic_a, serial_demonic_d,
          serial_demonic_d, serial_demonic_e, serial_demonic_a, serial_demonic_e
D:10:     layout_basic, nicolae_qazlal_scattered_showers, dpeg_oklobed_lair,
          serial_bayou, serial_bayou_ford_a, serial_bayou_pond_d,
          serial_bayou_pond_b, serial_bayou_pond_e, uniq_harold
D:11:     layout_roguey, orc_0_dummy, nicolae_trove_entry_isolated,
          nicolae_wu_jian_wuxing_cycle
D:12:     layout_irregular_city, serial_shops, shop, st_stairs_2,
          kennysheep_treasure_room
Temple:   nicolae_temple_ecumenical_triangle

Skill      XL: |  1  2  3  4  5  6  7  8  9 10 11 12 |
---------------+-------------------------------------+-----
Spellcasting   | 3 4 5 7 9 10 11 13 | 13.3
Stealth        | 2 3 4 |  4.9
Armour         | 1 2 3 4 5 |  5.4
Shields        | 1 2 3 4 |  4.5
Fighting       | 2 3 |  3.4
Polearms       | 1 |  1.5
Dodging        | 3 4 5 |  5.2
Maces & Flails | 1 |  1.0
Throwing       | 1 2 |  2.0
Evocations     | 2 |  2.1

Action                   |  1- 3 |  4- 6 |  7- 9 | 10-12 | 13-15 || total
-------------------------+-------+-------+-------+-------+-------++-------
Melee: Spear             |    11 |    29 |       |    14 |       ||    54
       Mace              |       |       |       |    11 |       ||    11
       Demon trident     |       |       |       |    33 |       ||    33
Throw: Boomerang         |       |       |       |    14 |       ||    14
       Dart              |       |       |       |     2 |       ||     2
 Cast: Foxfire           |    45 |    98 |   180 |    56 |       ||   379
       Scorch            |     6 |    25 |    30 |    36 |       ||    97
       Inner Flame       |       |     6 |    22 |    44 |     1 ||    73
       Flame Wave        |       |     1 |       |     9 |       ||    10
       Conjure Flame     |       |       |     7 |     9 |     1 ||    17
       Fulminant Prism   |       |       |    20 |   116 |     2 ||   138
       Magic Dart        |       |       |       |     2 |       ||     2
       Ensorcelled Hiber |       |       |       |     3 |       ||     3
Evoke: Wand              |       |       |       |    12 |       ||    12
  Use: Scroll            |       |     3 |     5 |     7 |       ||    15
       Potion            |       |     1 |     2 |     9 |       ||    12
 Stab: Sleeping          |     4 |       |       |       |       ||     4
Armor: Robe              |     1 |       |       |       |       ||     1
       Leather armour    |       |       |     7 |    31 |     1 ||    39
       Skin              |       |       |       |    10 |       ||    10
Dodge: Dodged            |    10 |     8 |    11 |    31 |       ||    60
Block: Other             |     5 |       |       |       |       ||     5
       Buckler           |       |     9 |     6 |     9 |       ||    24
       Reflection        |       |     1 |     2 |     9 |       ||    12
       Kite shield       |       |       |       |    77 |     2 ||    79
